 Dungeon Crawl Stone Soup version 0.24.0-1-gfbc8707122 (webtiles) character file.

Game seed: 11553512153698358745, levelgen mode: deterministic

17353 DavidChitty2 the Cleaver (level 12, -4/107 HPs)
             Began as a Minotaur Fighter on Oct 26, 2019.
             Was a Priest of Makhleb.
             Slain by a minotaur
             ... wielding a +5 great mace of crushing
              (15 damage)
             ... in a Gauntlet.
             The game lasted 00:23:10 (15758 turns).

DavidChitty2 the Cleaver (Minotaur Fighter)        Turns: 15758, Time: 00:23:11

Health: -4/107     AC: 29    Str: 26    XL:     12   Next: 18%
Magic:  16/16      EV:  4    Int:  5    God:    Makhleb [***...]
Gold:   596        SH: 12    Dex: 10    Spells: 11/11 levels left

rFire    + . .     SeeInvis .   a - +1 war axe
rCold    + . .     Gourm    .   c - +0 shield
rNeg     . . .     Faith    .   i - +5 gold dragon scales
rPois    +         Spirit   .   (helmet restricted)
rElec    .         Reflect  .   T - +1 cloak {+Inv}
rCorr    .         Harm     .   P - +1 pair of gloves of the Orb Guardian {Regen+}
MR       .....     NoTele   +   x - +0 pair of boots
Stlth    ..........             (no amulet)
HPRegen  0.67/turn              m - ring of flight
MPRegen  0.15/turn              (no ring)

@: no status effects
A: retaliatory headbutt, horns 2
a: Minor Destruction, Lesser Servant of Makhleb, Renounce Religion, Evoke
Invisibility, Evoke Flight


You were in a Gauntlet.
You worshipped Makhleb.
Makhleb was most pleased with you.
You were not hungry.

You visited 3 branches of the dungeon, and saw 14 of its levels.
You also visited: Gauntlet.

You collected 691 gold pieces.
You spent 95 gold pieces at shops.

Inventory:

Hand Weapons
 a - a +1 war axe (weapon)
 b - a +2 whip of electrocution
   (You took it off Pikel on level 9 of the Dungeon)
 w - the +6 trident "Urho" {antimagic, rC- MR++ Dex+4}
   (You found it on level 6 of the Dungeon)

   It reduces the magical energy of the wielder, and disrupts the spells and
   magical abilities of those hit.
   Natural abilities and divine invocations are not affected.
   It affects your dexterity (+4).
   It makes you vulnerable to cold.
   It affects your resistance to hostile enchantments.
Missiles
 p - a throwing net {!f}
 s - 39 poisoned darts (quivered)
Armour
 c - a +0 shield (worn)
 i - +5 gold dragon scales (worn)
   (You found it on level 1 of the Dungeon)
 k - a +1 cloak
   (You took it off Crazy Yiuf on level 6 of the Dungeon)
 x - a +0 pair of boots (worn)
   (You found it on level 4 of the Dungeon)
 A - a +0 pair of gloves
   (You found it on level 4 of the Dungeon)
 K - the +3 hat of Pondering {ponderous, MR+ MP+10 Int+5}
   (You took it off Gastronok on level 2 of the Lair of Beasts)

   It affects your intelligence (+5).
   It affects your resistance to hostile enchantments.
   It affects your magic capacity (+10).
 P - the +1 pair of gloves of the Orb Guardian (worn) {Regen+}
   (You found it in a Gauntlet)

   It increases your rate of regeneration.
 T - a +1 cloak of invisibility (worn)
   (You found it in a Gauntlet)
Jewellery
 m - a ring of flight (left hand)
   (You found it on level 1 of the Dungeon)
 I - an uncursed ring of fire
   (You found it on level 10 of the Dungeon)
Wands
 d - a wand of iceblast (12)
   (You found it on level 9 of the Dungeon)
 t - a wand of flame (13)
   (You found it on level 6 of the Dungeon)
 v - a wand of digging (6)
   (You found it on level 8 of the Dungeon)
 E - a wand of polymorph (17)
   (You found it on level 6 of the Dungeon)
 N - a wand of scattershot (2)
   (You found it on level 1 of the Lair of Beasts)
Scrolls
 n - 6 scrolls of fear
 q - 7 scrolls of remove curse {@r2}
 y - 2 scrolls of enchant weapon
 z - 2 scrolls of fog
 C - 7 scrolls of teleportation {@r4}
 J - a scroll of identify {@r1}
 Q - a scroll of immolation {!r}
Potions
 f - a potion of might
 g - 2 potions of lignification {!q}
 j - a potion of mutation {!q}
 l - a potion of curing {@q1}
 o - 7 potions of haste {@q3}
 r - 6 potions of agility
 u - 2 potions of cancellation
 B - a potion of berserk rage
 D - a potion of resistance
 F - 4 potions of magic
 G - a potion of ambrosia
 H - 5 potions of brilliance
 M - a potion of flight
Miscellaneous
 L - a phial of floods
   (You found it on level 5 of the Dungeon)
 O - a lightning rod (4/4) {!a}
   (You found it in a Gauntlet)
 R - a box of beasts
Comestibles
 e - 22 rations {!d}
 S - a chunk of flesh


   Skills:
 + Level 10.5 Fighting
 * Level 13.9 Axes
 + Level 10.5 Armour
 + Level 10.5 Shields
 + Level 7.7 Invocations


You had 11 spell levels left.
You didn't know any spells.
Your spell library contained the following spells:

 Spells                   Type           Power        Failure   Level  Hunger
 Animate Skeleton         Necr           N/A          100%        1    ##.....
 Apportation              Tloc           #.....       100%        1    ##.....
 Confusing Touch          Hex            #.....       100%        1    ##.....
 Corona                   Hex            #......      100%        1    ##.....
 Flame Tongue             Conj/Fire      #....        100%        1    ##.....
 Summon Small Mammal      Summ           #...         100%        1    ##.....
 Call Imp                 Summ           #.......     100%        2    ###....
 Ensorcelled Hibernation  Hex/Ice        #.....       100%        2    ###....
 Call Canine Familiar     Summ           #.......     100%        3    ####...
 Confuse                  Hex            #.......     100%        3    ####...
 Dazzling Spray           Conj/Hex       #.....       100%        3    ####...
 Summon Guardian Golem    Hex/Summ       #.......     100%        3    ####...
 Tukima's Dance           Hex            #.......     100%        3    ####...
 Cause Fear               Hex            #.........   100%        4    #####..
 Summon Ice Beast         Ice/Summ       #.......     100%        4    #####..
 Summon Lightning Spire   Summ/Air       #.......     100%        4    #####..
 Bolt of Fire             Conj/Fire      #.........   100%        6    #######
 Dragon Form              Tmut           #.........   100%        7    #######
 Dragon's Call            Summ           #.........   100%        9    #######


Dungeon Overview and Level Annotations

Branches:
Dungeon (10/15)            Temple (1/1) D:6            Lair (3/6) D:8
 Shoals (0/4) Lair:3      Gauntlet (1/1)
  Snake: Lair:2-4    Spider: Lair:2-4       Orc: D:9-12

Altars:
Ashenzari
Cheibriados
Dithmenos
Elyvilon
Fedhas
Gozag
Hepliaklqana
Kikubaaqudgha
Makhleb
Nemelex Xobeh
Okawaru
Qazlal
Ru
Sif Muna
Trog
Uskayaw
Vehumet
Wu Jian
Xom
Yredelemnul
Zin
The Shining One
Lugonu

Shops:
D:5 *

Annotations:
Gauntlet 21 runed translucent doors, 8 transporters


Innate Abilities, Weirdness & Mutations

You reflexively headbutt those who attack you in melee.
You have a pair of horns on your head.


Message History

Your ufetubus hits the minotaur but does no damage.
Your ufetubus barely misses the minotaur.
You hit the minotaur but do no damage. Your headbutt misses the minotaur.
Your ufetubus closely misses the minotaur.
Your ufetubus hits the minotaur but does no damage.
The minotaur hits you with a +5 great mace of crushing!
* * * LOW HITPOINT WARNING * * *
* * * LOW HITPOINT WARNING * * *
The minotaur gores you but does no damage.
Your ufetubus hits the minotaur.
Your ufetubus hits the minotaur but does no damage.
Your ynoxinul closely misses the minotaur.
You hit the minotaur.
Your ufetubus barely misses the minotaur.
Your ufetubus hits the minotaur but does no damage.
Your ufetubus hits the minotaur.
Your ufetubus hits the minotaur but does no damage.
You block the minotaur's attack. The minotaur gores you.
* * * LOW HITPOINT WARNING * * *
Your ynoxinul hits the minotaur but does no damage.
Unknown command.
You hit the minotaur.
Your ufetubus hits the minotaur but does no damage. x2
Your ufetubus closely misses the minotaur.
The minotaur furiously retaliates!
The minotaur headbutts your ufetubus.
Your ufetubus hits the minotaur but does no damage. x2
Your ufetubus barely misses the minotaur.
Your ufetubus hits the minotaur but does no damage.
Your ufetubus barely misses the minotaur.
You feel better.
Your ynoxinul gestures.
The minotaur hits your ufetubus with a +5 great mace of crushing!!!
Your ufetubus dies!
You closely miss the minotaur.
The minotaur bellows!
Your ufetubus barely misses the minotaur. x2
The minotaur completely misses you.
The minotaur gores you but does no damage.
You barely miss the minotaur.
The minotaur furiously retaliates!
The minotaur headbutts you!
* * * LOW HITPOINT WARNING * * *
Your ufetubus hits the minotaur but does no damage. x4
Your ynoxinul gestures.
Your ufetubus hits the minotaur. x2
Your gold dragon scales prevents you from hitting the minotaur.
You headbutt the minotaur, but do no damage.
Your ufetubus hits the minotaur but does no damage.
Your ufetubus closely misses the minotaur.
The minotaur hits you with a +5 great mace of crushing!
You die...

.....≈##..###.##.##
##...##..........8#
.#...#....#.#.....#
[#...#.8©.#.#.#######
}#...#....#...#8.8}8)
©#.8.#.8©.###.'....H.
[#...#....#.(.#
.#...#.8©.#.#5#####
.#...#....#.#53H@(#
##...##.....5555.8#
.....≈##..###.##.##
...8.####........#
......############
###...≈# ..#..§##
..#..§§# .)#..§##


You could see a minotaur, a friendly ynoxinul and 6 friendly ufetubi.

Vanquished Creatures
  Erolcha (D:9)
  2 hydras
  Erica (Lair:1)
  Pikel (D:9)
  A centaur skeleton (D:10)
  2 torpor snails (Gauntlet)
  3 spiny frogs
  5 komodo dragons
  A hornet (D:10)
  3 hippogriffs
  Prince Ribbit (D:8)
  A spriggan (D:7)
  Eustachio (D:6)
  A wyvern (Lair:2)
  7 yaks (D:10)
  2 hungry ghosts (D:8)
  Grum (D:8)
  Menkaure (D:5)
  Duvessa (D:5)
  5 water moccasins
  3 porcupines
  2 ice beasts (D:8)
  8 orc warriors
  A necrophage (D:10)
  A black bear (D:8)
  A phantom (D:4)
  A sky beast (D:6)
  5 ogres
  7 wolves
  3 centaurs
  A big kobold (D:5)
  4 crocodiles
  9 bullfrogs
  Dowan (D:5)
  A wyvern skeleton (D:6)
  A water moccasin skeleton (D:2)
  A scorpion (D:4)
  A wight (D:5)
  4 howler monkeys
  3 crimson imps
  A centaur zombie (D:10)
  2 jellies (D:5)
  A gnoll shaman (D:6)
  6 hounds
  7 orc priests
  Crazy Yiuf (D:6)
  2 bullfrog skeletons (D:10)
  3 iguanas
  14 orc wizards
  6 worker ants
  A hound zombie (D:6)
  2 hound skeletons
  A howler monkey zombie (D:10)
  Robin (D:2)
  16 gnolls
  10 adders
  3 shadow imps
  An ooze (D:5)
  5 worms
  5 leopard geckos
  29 orcs
  7 giant cockroaches
  15 goblins
  12 hobgoblins
  6 jackals
  3 quokkas
  A ball python (D:3)
  5 bats
  6 frilled lizards
  A jackal skeleton (D:4)
  9 kobolds
  A leopard gecko skeleton (D:4)
  A leopard gecko zombie (D:6)
  A quokka skeleton (D:7)
  A quokka zombie (D:7)
  5 rats
  A fungus (Lair:2)
291 creatures vanquished.

Vanquished Creatures (collateral kills)
  Gastronok (Lair:2)
  A hydra (Gauntlet)
  A komodo dragon (Lair:3)
  A porcupine (Lair:2)
4 creatures vanquished.

Vanquished Creatures (others)
  2 plants (D:8)
  A withered plant (D:4)
3 creatures vanquished.

Grand Total: 298 creatures vanquished

Notes
Turn   | Place    | Note
-------+----------+-------------------------------------------
     0 | D:1      | DavidChitty2 the Minotaur Fighter began the quest for the
                  | Orb.
     0 | D:1      | Reached XP level 1. HP: 19/19 MP: 0/0
   701 | D:1      | Reached XP level 2. HP: 27/27 MP: 1/1
   716 | D:1      | Reached skill level 3 in Axes
  1440 | D:2      | Reached XP level 3. HP: 24/33 MP: 2/2
  1535 | D:2      | Reached XP level 4. HP: 33/40 MP: 3/3
  1641 | D:2      | Reached skill level 4 in Axes
  1919 | D:2      | Noticed Robin
  1948 | D:2      | Killed Robin
  2444 | D:3      | Reached XP level 5. HP: 47/47 MP: 4/4
  2454 | D:3      | Noticed an orc warrior
  2993 | D:3      | Killed an orc warrior
  2993 | D:3      | Reached skill level 5 in Axes
  2993 | D:3      | Reached XP level 6. HP: 47/55 MP: 5/5
  3015 | D:3      | Reached skill level 5 in Armour
  3125 | D:3      | Found a burning altar of Makhleb.
  3138 | D:3      | Reached skill level 5 in Shields
  3340 | D:3      | Reached skill level 5 in Fighting
  3467 | D:3      | Became a worshipper of Makhleb the Destroyer
  3622 | D:3      | Found a shimmering altar of Xom.
  4074 | D:4      | Found a white marble altar of Elyvilon.
  4320 | D:4      | Reached * piety under Makhleb
  4347 | D:4      | Found a snail-covered altar of Cheibriados.
  4374 | D:4      | Reached skill level 6 in Axes
  4428 | D:4      | Found an ancient bone altar of Kikubaaqudgha.
  4439 | D:4      | Reached skill level 1 in Invocations
  4439 | D:4      | Reached XP level 7. HP: 61/61 MP: 6/6
  5279 | D:5      | Entered Level 5 of the Dungeon
  5318 | D:5      | Found a large runed translucent door.
  5318 | D:5      | Found a large runed translucent door.
  5321 | D:5      | Found a large runed translucent door.
  5321 | D:5      | Found a large runed translucent door.
  5333 | D:5      | Noticed a hippogriff
  5447 | D:5      | Got a warped scimitar
  5481 | D:5      | Reached skill level 7 in Axes
  5493 | D:5      | Noticed Dowan
  5510 | D:5      | Noticed Duvessa
  5528 | D:5      | Killed Duvessa
  5528 | D:5      | Reached XP level 8. HP: 57/70 MP: 8/8
  5539 | D:5      | Killed Dowan
  6043 | D:5      | Noticed Menkaure
  6054 | D:5      | Killed Menkaure
  6054 | D:5      | Reached skill level 8 in Axes
  6353 | D:5      | Found Ynaahuoj's Assorted Antiques.
  6359 | D:5      | Bought a scroll of identify for 38 gold pieces
  6359 | D:5      | Bought a scroll labeled QIFICUUQEB for 19 gold pieces
  6359 | D:5      | Bought a scroll labeled QIFICUUQEB for 19 gold pieces
  6359 | D:5      | Bought a scroll labeled ITYPLET QITICU for 19 gold pieces
  6460 | D:6      | Reached ** piety under Makhleb
  6539 | D:6      | Got an iridescent trident
  6578 | D:6      | Noticed Eustachio
  6586 | D:6      | Reached XP level 9. HP: 78/78 MP: 10/10
  6608 | D:6      | Killed Eustachio
  6608 | D:6      | Reached skill level 9 in Axes
  6655 | D:6      | Found a staircase to the Ecumenical Temple.
  6667 | Temple   | Entered the Ecumenical Temple
  6745 | D:6      | Found a shadowy altar of Dithmenos.
  6821 | D:6      | Found a blossoming altar of Fedhas.
  6821 | D:6      | Found a sacrificial altar of Ru.
  6824 | D:6      | Found a bloodstained altar of Trog.
  6865 | D:6      | Found a runed translucent door.
  6866 | D:6      | Noticed Crazy Yiuf
  6871 | D:6      | Killed Crazy Yiuf
  6942 | D:6      | Found an ornate altar of the Wu Jian Council.
  7289 | D:7      | Identified the +6 trident "Urho" {antimagic, rC- MR++
                  | Dex+4} (You found it on level 6 of the Dungeon)
  7888 | D:7      | Found a glowing golden altar of the Shining One.
  7890 | D:7      | Noticed an angel
  7974 | D:7      | Found a basalt altar of Yredelemnul.
  9098 | D:8      | Reached skill level 10 in Axes
  9147 | D:8      | Noticed Grum
  9156 | D:8      | Killed Grum
  9166 | D:8      | Found a hazy altar of Hepliaklqana.
  9187 | D:8      | Reached *** piety under Makhleb
  9304 | D:8      | Noticed Prince Ribbit
  9417 | D:8      | Reached XP level 10. HP: 88/88 MP: 12/12
  9433 | D:8      | Found an iron altar of Okawaru.
  9542 | D:8      | Found a staircase to the Lair.
  9547 | D:8      | Reached skill level 5 in Invocations
  9556 | D:8      | Killed Prince Ribbit
  9807 | D:8      | Found a radiant altar of Vehumet.
  9916 | D:9      | Noticed Erolcha
  9924 | D:9      | Killed Erolcha
  9924 | D:9      | Reached skill level 11 in Axes
 10116 | D:9      | Found an opulent altar of Gozag.
 10275 | D:9      | Noticed Pikel
 10294 | D:9      | Killed Pikel
 10762 | D:10     | Entered Level 10 of the Dungeon
 11656 | D:10     | Reached skill level 12 in Axes
 11741 | D:10     | Reached XP level 11. HP: 94/97 MP: 14/14
 11763 | D:10     | Reached **** piety under Makhleb
 12669 | Lair:1   | Entered Level 1 of the Lair of Beasts
 12669 | Lair:1   | Noticed Erica
 12745 | Lair:1   | Killed Erica
 13780 | Lair:2   | Noticed Gastronok
 13863 | Lair:2   | Killed Gastronok
 13879 | Lair:2   | Reached skill level 13 in Axes
 14120 | Lair:2   | Reached skill level 10 in Shields
 14221 | Lair:2   | Reached skill level 10 in Armour
 14225 | Lair:2   | Reached skill level 10 in Fighting
 14333 | Lair:2   | Noticed a six-headed hydra
 14343 | Lair:2   | Killed a six-headed hydra
 14956 | Lair:3   | Found a staircase to the Shoals.
 15169 | Lair:3   | Reached XP level 12. HP: 76/107 MP: 16/16
 15178 | Lair:3   | Found a gate leading to a gauntlet.
 15191 | Gauntlet | Entered a Gauntlet
 15191 | Gauntlet | Found a large runed translucent door.
 15191 | Gauntlet | Found a large runed translucent door.
 15191 | Gauntlet | Found a large runed translucent door.
 15191 | Gauntlet | Found a large runed translucent door.
 15191 | Gauntlet | Found a large runed translucent door.
 15191 | Gauntlet | Found a large runed translucent door.
 15191 | Gauntlet | Found a runed translucent door.
 15191 | Gauntlet | Found a transporter.
 15191 | Gauntlet | Found a runed translucent door.
 15191 | Gauntlet | Found a large runed translucent door.
 15191 | Gauntlet | Found a large runed translucent door.
 15191 | Gauntlet | Found a large runed translucent door.
 15191 | Gauntlet | Found a large runed translucent door.
 15191 | Gauntlet | Found a large runed translucent door.
 15191 | Gauntlet | Found a large runed translucent door.
 15191 | Gauntlet | Noticed a four-headed hydra
 15285 | Gauntlet | Found a transporter.
 15299 | Gauntlet | Found a transporter.
 15303 | Gauntlet | Found a transporter.
 15312 | Gauntlet | Noticed a five-headed hydra
 15321 | Gauntlet | Found a transporter.
 15334 | Gauntlet | Found a transporter.
 15347 | Gauntlet | Found a transporter.
 15347 | Gauntlet | Noticed a balrug
 15364 | Gauntlet | Found a transporter.
 15368 | Gauntlet | Found a transporter.
 15374 | Gauntlet | Noticed a death scarab
 15376 | Gauntlet | Found a transporter.
 15384 | Gauntlet | Noticed a death scarab
 15390 | Gauntlet | Found a large runed translucent door.
 15391 | Gauntlet | Found a large runed translucent door.
 15393 | Gauntlet | Found a runed translucent gate.
 15394 | Gauntlet | Found a runed translucent gate.
 15395 | Gauntlet | Found a runed translucent gate.
 15396 | Gauntlet | Noticed a cacodemon
 15397 | Gauntlet | Found a transporter.
 15401 | Gauntlet | Found a transporter.
 15436 | Gauntlet | Found a large runed translucent door.
 15436 | Gauntlet | Found a large runed translucent door.
 15543 | Gauntlet | Killed a four-headed hydra
 15557 | Gauntlet | Got a pair of slimy gloves
 15570 | Gauntlet | Identified the +1 pair of gloves of the Orb Guardian
                  | {Regen+} (You found it in a Gauntlet)
 15587 | Gauntlet | Killed a five-headed hydra
 15726 | Gauntlet | Identified the +6 fire dragon scales "Wenuid" {*Corrode
                  | +Inv rF++ rC- Regen+ Str+5}
 15726 | Gauntlet | Noticed a minotaur
 15745 | Gauntlet | HP: 2/107 [minotaur/silver javelin (5)]
 15753 | Gauntlet | HP: 4/107 [minotaur/+5 great mace of crushing (5)]
 15758 | Gauntlet | Slain by a minotaur

Levels and vault maps discovered:
D:1:      sevenhm_arrival_forest_fort_small_4, layout_basic
D:2:      layout_loops_ring, uniq_robin
D:3:      layout_basic, lemuel_doored_altar, marbit_many_paths
D:4:      layout_basic, lemuel_crystal_altar, kiku_gazebo_garden_becter,
          lemuel_coloured_pillars_altar, first_ration
D:5:      layout_rooms, serial_shops,
          nicolae_shop_temple_entry_statues_fountains,
          minmay_hollow_rounded_squares, uniq_menkaure, uniq_duvessa
D:6:      layout_basic, nicolae_overflow_hidden_temple, kennysheep_mini_moat,
          grunt_temple_overflow_open, minmay_temple_entry_mini_moons,
          uniq_crazy_yiuf_cottage, uniq_eustachio
D:7:      layout_basic, grunt_temple_overflow_holy_war, the_bakery
D:8:      layout_cave_pools, overflow_temple_1_default, kennysheep_little_box,
          lemuel_round_altar, david_lair_shrubbed, serial_bayou_pond_e,
          uniq_prince_ribbit1, uniq_grum
D:9:      layout_loops_ring, nicolae_overflow_crystal_walls, uniq_erolcha,
          uniq_pikel
D:10:     layout_basic, kennysheep_potato
Temple:   corrupted_temple
Lair:1:   layout_roguey, chequers_serial_rivers_micro_a, uniq_erica
Lair:2:   layout_layer_cave, grunt_megastairs_5, uniq_gastronok
Lair:3:   layout_big_grid, minmay_shoals_entry_centaurs,
          nicolae_volcano_entry_s_turn, gauntlet_entry_generic
Gauntlet: minmay_gauntlet_mixed_oops_all_seconds
          [minmay_gauntlet_arena_77_radiant_squares,
          minmay_gauntlet_arena_make_your_own_arena,
          minmay_gauntlet_arena_77_terracotta_army, nicolae_gauntlet_arena_x,
          minmay_gauntlet_arena_77_box, gammafunk_gauntlet_arena_teeth,
          nicolae_gauntlet_exit_dead_adventurers]

Skill      XL: |  1  2  3  4  5  6  7  8  9 10 11 |
---------------+----------------------------------+-----
Axes           | 3 4 5 6 7 8 10 12 13 | 13.9
Fighting       | 4 5 6 8 9 10 | 10.5
Armour         | 4 5 6 8 9 10 | 10.5
Shields        | 4 5 6 8 9 10 | 10.5
Invocations    | 1 2 3 4 6 7 |  7.7

Action                   |  1- 3 |  4- 6 |  7- 9 | 10-12 || total
-------------------------+-------+-------+-------+-------++-------
Melee: War axe           |    42 |   259 |   435 |   456 ||  1192
       Headbutt          |     6 |    44 |    76 |    87 ||   213
       Whip              |       |       |       |    19 ||    19
Invok: Lesser Servant of |       |       |       |     9 ||     9
  Use: Potion            |       |     1 |       |     7 ||     8
       Scroll            |       |    10 |     9 |    14 ||    33
 Stab: Distracted        |       |       |       |     1 ||     1
  Eat: Chunk             |       |    12 |    18 |    19 ||    49
       Ration            |       |       |       |     1 ||     1
Armor: Scale mail        |    24 |       |       |       ||    24
       Gold dragon scale |    11 |   178 |   331 |   306 ||   826
Dodge: Dodged            |    14 |    13 |    38 |    63 ||   128
Block: Shield            |    24 |   138 |   241 |   270 ||   673
